AoeStats
← HanniBaalTricks

Pilgrims

508539812Analyzed
3v3 RM · 10d ago on Sep 22, 2026· 32m 6s· 6 players
Game mode
Random Map
Map size
Normal (6 player)
Population
200
Speed
Normal
Resources
Standard
Victory
Conquest
Starting age
Dark Age
Ending age
Imperial Age
RankedLock teamsTeams togetherTeam positionsShared explorationLock speedFull tech treeHidden civsTurbo modeCheats
Victory
Defeat
🇨🇴 Japanese · Colombia
1155
+19
🇨🇱 Aztecs · Chile
1141
+20
🇨🇴 Lithuanians · Colombia
1138
+20
🇺🇸 Varangians · United States
1229
-20
🇺🇸 Danes · United States
1227
-20
🇺🇸 Saxons · United States
1204
-19
Mauri Ramone
7:25 Loom
12:40 Feudal Age
13:08 Man-at-Arms
18:45 Town Watch
18:55 Fletching
24:14 Castle Age
25:19 Eagle Warrior
26:00 Squires
26:04 Scale Mail Armor
26:14 Forging
HanniBaalTricks
7:30 Loom
10:50 Feudal Age
11:20 Double-Bit Axe
16:40 Castle Age
16:29 Bloodlines
16:27 Scale Barding Armor
18:56 Husbandry
20:59 Forging
22:12 Town Watch
22:40 Horse Collar
28:43 Wheelbarrow
29:01 Chain Barding Armor
29:20 Stone Mining
31:31 Hand Cart
FishX
3:39 Loom
12:26 Feudal Age
12:36 Man-at-Arms
16:00 Arson
22:30 Fletching
31:22 Castle Age
J G Wentworth
3:47 Loom
12:33 Feudal Age
13:50 Double-Bit Axe
15:18 Bloodlines
17:40 Fishing Lines
20:17 Forging
20:14 Scale Barding Armor
24:26 Castle Age
27:18 Fletching
30:12 Wheelbarrow
29:29 Gillnets
Wucky the Plucky Ducky
9:50 Loom
11:57 Feudal Age
14:17 Fletching
16:02 Double-Bit Axe
16:06 Fishing Lines
18:01 Town Watch
21:14 Castle Age
20:00 Gold Mining
21:13 Horse Collar
22:34 Bodkin Arrow
I don't believe in wiping
7:09 Loom
10:47 Feudal Age
11:26 Double-Bit Axe
16:16 Fletching
16:26 Padded Archer Armor
24:22 Castle Age
Connection lost

Rejoining the realm…

Still unreachable

The connection could not be restored.

Session expired

The server has moved on; the page needs a fresh start.